 Dungeon Crawl Stone Soup version 0.19-a0-1912-gc6909e3 (webtiles) character file.

29 Softman25 the Vexing (level 3, 0/24 HPs)
             Began as a Vampire Enchanter on Oct 22, 2016.
             Slain by a worm (9 damage)
             ... on level 2 of the Dungeon.
             The game lasted 00:03:23 (1496 turns).

Softman25 the Vexing (Vampire Enchanter)            Turns: 1496, Time: 00:03:24

Health: 0/24       AC:  6    Str:  7    XL:     3   Next: 1%
Magic:  2/6        EV: 13    Int: 17    God:
Gold:   94         SH:  0    Dex: 15    Spells: 2 memorised, 3 levels left

rFire  . . .     SeeInvis +     a - +1 dagger
rCold  + . .     Gourm    .     b - +1 robe
rNeg   + + .     Faith    .     (no shield)
rPois  +         Spirit   .     j - +0 helmet
rElec  .         Reflect  .     (no cloak)
rCorr  .         Harm     .     (no gloves)
MR     .....                    g - +1 pair of boots {run}
Stlth  ++++......               (no amulet)
                                (no ring)
                                (no ring)

@: regenerating slowly, quick
A: fangs 3, see invisible, unbreathing
a: Bat Form


You were on level 2 of the Dungeon.
You were thirsty.

You visited 1 branch of the dungeon, and saw 2 of its levels.

You collected 94 gold pieces.

Inventory:

Hand Weapons
 a - a +1 dagger (weapon)
Armour
 b - a +1 robe (worn)
 g - a +1 pair of boots of running (worn)
 j - a +0 helmet (worn)
Scrolls
 i - 2 scrolls of identify {@r1}
 k - 2 scrolls of fear {unknown}
Potions
 d - 2 potions of blood
 e - 3 potions of ambrosia
 f - a potion of curing {unknown}
 h - a potion of brilliance {unknown}
Books
 c - a book of Maledictions

   Spells                             Type                      Level
   a - Corona                         Hexes                        1
   b - Ensorcelled Hibernation        Hexes/Ice                    2
   c - Confuse                        Hexes                        3
   d - Tukima's Dance                 Hexes                        3
   e - Dazzling Spray                 Conjuration/Hexes            3


   Skills:
 - Level 2.1 Short Blades
 - Level 2.1 Dodging
 - Level 4.4 Stealth
 - Level 2.0 Spellcasting
 + Level 5.5 Hexes
 + Level 0.2 Ice Magic


You had 3 spell levels left.
You knew the following spells:

 Your Spells              Type           Power        Failure   Level  Hunger
a - Corona                Hex            ###....      1%          1    #......
b - Ensorcelled Hibernat  Hex/Ice        ##....       12%         2    ###....


Dungeon Overview and Level Annotations

Branches:
Dungeon (2/15)

Altars:


Innate Abilities, Weirdness & Mutations

You heal slowly.
You have razor-sharp teeth.
You have supernaturally acute eyesight. (SInv)
You can survive without breathing.


Message History

The worm bites you.
You barely miss the worm.
The worm is moderately wounded.
You hit the worm but do no damage.
The worm is moderately wounded.
The worm closely misses you.
You hit the worm.
The worm is moderately wounded.
You hit the worm.
The worm is heavily wounded.
The worm closely misses you.
You hit the worm but do no damage. You bite the worm.
The worm is heavily wounded.
The worm bites you.
You hit the worm but do no damage.
The worm is moderately wounded.
You hit the worm. You bite the worm.
The worm is severely wounded.
The worm bites you!
You die...

###### ###############......
#........w@.....#
######.###########..########
#......###########.........
#.####........).....####.##
#.......##...............#
#..####.##########...###†#####..
# #.# #.....##........# #.#
#.#...###.####### #.#
####.#......[#


You could see a worm.

Vanquished Creatures
  2 dart slugs (D:1)
  A leopard gecko (D:1)
  3 goblins
  6 hobgoblins (D:1)
  5 kobolds (D:1)
  2 bats (D:1)
  A frilled lizard (D:1)
  A rat (D:1)
21 creatures vanquished.

Vanquished Creatures (others)
  A bat (D:1)
1 creature vanquished.

Grand Total: 22 creatures vanquished

Notes
Turn   | Place    | Note
-------+----------+-------------------------------------------
     0 | D:1      | Softman25 the Vampire Enchanter began the quest for the Orb.
     0 | D:1      | Reached XP level 1. HP: 13/13 MP: 3/3
   199 | D:1      | Identified a +1 pair of boots of running (You found it on level 1 of the Dungeon)
   380 | D:1      | Reached XP level 2. HP: 15/19 MP: 5/5
   657 | D:1      | Reached skill level 5 in Hexes
  1349 | D:1      | Learned a level 2 spell: Ensorcelled Hibernation
  1447 | D:2      | Reached XP level 3. HP: 24/24 MP: 6/6
  1496 | D:2      | Slain by a worm

Vault maps used:
D:1:      lightli_arrival_farm

Skill      XL: |  1  2 |
---------------+-------+-----
Short Blades   | 2 |  2.1
Hexes          | 5 |  5.5
Dodging        | |  2.1
Stealth        | |  4.4
Spellcasting   | |  2.0
Ice Magic      | |  0.2

Action                   || total
-------------------------++-------
Melee: Dagger            ||   108
       Bite              ||     8
 Cast: Ensorcelled Hiber ||     4
  Use: Scroll            ||     3
 Stab: Sleeping          ||     5
  Eat: Corpse            ||     1
Armor: Robe              ||    38
Dodge: Dodged            ||    67
